SKY
CINCINNATI REDS @ CLEVELAND INDIANS
09/18/2052
 
TOP OF THE 1ST
Cincinnati Reds batting - Pitching for Cleveland Indians : RHP Dusty Sloan
Pitching: RHP Dusty Sloan
Batting: LHB Lloyd Crosier 0-0: Ball
1-0: Called Strike
1-1: Swinging Strike
1-2: DOUBLE (Line Drive, 7LS, EV 98.1 MPH)
Batting: LHB Jude Queen 0-0: Ball
1-0: Ball
2-0: Foul Ball, location: 2F
2-1: Ground out U3 (Groundball, 3, EV 86.3 MPH)
Lloyd Crosier to third
Batting: SHB D.J. Boucher 0-0: Foul Ball, location: 5SF
0-1: Called Strike
0-2: Foul Ball, location: 2F
0-2: Ball
1-2: Ground out 5-3 (Groundball, 56S, EV 87.5 MPH)
Lloyd Crosier scores
Batting: LHB Vinicius Ressureio 0-0: Ball
1-0: Foul Ball, location: 7LDF
1-1: Swinging Strike
1-2: Ball
2-2: Strikes out looking
Top of the 1st over - 1 run, 1 hit, 0 errors, 0 left on base; Cincinnati 1 - Cleveland 0
BOTTOM OF THE 1ST
Cleveland Indians batting - Pitching for Cincinnati Reds : LHP Bevis Wilson
Pitching: LHP Bevis Wilson
Batting: RHB Chia-Wei Ni 0-0: Ball
1-0: Ball
2-0: Ground out 6-3 (Groundball, 6, EV 103.1 MPH)
Batting: LHB Jonathan DeMarino 0-0: Called Strike
0-1: Foul Ball, location: 2F
0-2: Strikes out swinging
Batting: RHB Willard Putnam 0-0: Ball
1-0: Ball
2-0: Ball
3-0: Base on Balls
Batting: RHB Antony Olguin 0-0: Fielders Choice at 2nd, 5-4 (Groundball, 5L, EV 100.0 MPH)
Bottom of the 1st over - 0 runs, 0 hits, 0 errors, 1 left on base; Cincinnati 1 - Cleveland 0
TOP OF THE 2ND
Cincinnati Reds batting - Pitching for Cleveland Indians : RHP Dusty Sloan
Batting: RHB Pierre Johnson 0-0: Foul Ball, location: 2F
0-1: Ball
1-1: Ball
2-1: Ball
3-1: Fly out, F7 (Flyball, 78S, EV 87.5 MPH)
Batting: RHB Ethan Hicks 0-0: Foul Ball, location: 2LF
0-1: Called Strike
0-2: Strikes out looking
Batting: RHB José Maria Andres 0-0: Ball
1-0: Foul Ball, location: 2F
1-1: Called Strike
1-2: Strikes out looking
Top of the 2nd over - 0 runs, 0 hits, 0 errors, 0 left on base; Cincinnati 1 - Cleveland 0
BOTTOM OF THE 2ND
Cleveland Indians batting - Pitching for Cincinnati Reds : LHP Bevis Wilson
Batting: LHB Anibal Gaines 0-0: Ball
1-0: Called Strike
1-1: Ball
2-1: Ball
3-1: Base on Balls
Pitching: RHP John Fegley
Batting: RHB Ben Schubert 0-0: Foul Ball, location: 5F
0-1: Ball
1-1: Sac Bunt to P - play at first, batter OUT! 1-3
Anibal Gaines to second
Batting: RHB Oliver Melendez 0-0: Ball
1-0: Called Strike
1-1: Foul Ball, location: 25F
1-2: SINGLE (Line Drive, 89M, EV 110.6 MPH)
Anibal Gaines to third
Batting: RHB Dominic Hodgkins 0-0: Ball
1-0: Ball
2-0: Foul Ball, location: 2F
2-1: Ball
3-1: Called Strike
3-2: Strikes out looking
Batting: LHB Paquito Peña 0-0: SINGLE (Flyball, 78S, EV 96.9 MPH)
Anibal Gaines scores
Oliver Melendez to second
Batting: RHB Chia-Wei Ni 0-0: Called Strike
0-1: Foul Ball, location: 3F
0-2: Strikes out looking
Bottom of the 2nd over - 1 run, 2 hits, 0 errors, 2 left on base; Cincinnati 1 - Cleveland 1
TOP OF THE 3RD
Cincinnati Reds batting - Pitching for Cleveland Indians : RHP Dusty Sloan
Batting: RHB Junior Powell 0-0: Swinging Strike
0-1: Foul Ball, location: 9LDF
0-2: Ball
1-2: Strikes out swinging
Batting: RHB Rey Rubio 0-0: Ball
1-0: Foul Ball, location: 5F
1-1: Ground out 4-3 (Groundball, 4, EV 106.3 MPH)
Batting: LHB Lloyd Crosier 0-0: Ground out U3 (Groundball, 3, EV 81.3 MPH)
Top of the 3rd over - 0 runs, 0 hits, 0 errors, 0 left on base; Cincinnati 1 - Cleveland 1
BOTTOM OF THE 3RD
Cleveland Indians batting - Pitching for Cincinnati Reds : RHP John Fegley
Batting: LHB Jonathan DeMarino 0-0: Ball
1-0: Called Strike
1-1: Ground out 1-3 (Groundball, 13S, EV 70.0 MPH)
Batting: RHB Willard Putnam 0-0: Swinging Strike
0-1: Foul Ball, location: 3DF
0-2: Strikes out swinging
Batting: RHB Antony Olguin 0-0: Called Strike
0-1: Fly out, F9 (Flyball, 9S, EV 85.0 MPH)
Bottom of the 3rd over - 0 runs, 0 hits, 0 errors, 0 left on base; Cincinnati 1 - Cleveland 1
TOP OF THE 4TH
Cincinnati Reds batting - Pitching for Cleveland Indians : RHP Dusty Sloan
Batting: LHB Jude Queen 0-0: Foul Ball, location: 2F
0-1: SINGLE (Line Drive, 4M, EV 95.6 MPH)
Batting: SHB D.J. Boucher 0-0: SINGLE (Groundball, 4MD, EV 103.8 MPH)
Jude Queen to second
Batting: LHB Vinicius Ressureio 0-0: Ball
1-0: Ball
2-0: Ground out 4-3 (Groundball, 4MS, EV 88.1 MPH)
Jude Queen to third
D.J. Boucher to second
Batting: RHB Pierre Johnson 0-0: Ball
1-0: Foul Ball, location: 7LSF
1-1: Swinging Strike
1-2: Ball
2-2: Ball
3-2: Strikes out swinging
Batting: RHB Ethan Hicks 0-0: Ball
1-0: Foul Ball, location: 23F
1-1: Ball
2-1: Ball
3-1: Fly out, F9 (Flyball, 9, EV 83.8 MPH)
Top of the 4th over - 0 runs, 2 hits, 0 errors, 2 left on base; Cincinnati 1 - Cleveland 1
BOTTOM OF THE 4TH
Cleveland Indians batting - Pitching for Cincinnati Reds : RHP John Fegley
Batting: LHB Anibal Gaines 0-0: Called Strike
0-1: Ball
1-1: Ball
2-1: Swinging Strike
2-2: Strikes out swinging
Batting: RHB Ben Schubert 0-0: Called Strike
0-1: Ball
1-1: Foul Ball, location: 2F
1-2: Ball
2-2: Strikes out swinging
Batting: RHB Oliver Melendez 0-0: Ball
1-0: SINGLE (Groundball, 6MD, EV 102.5 MPH)
Batting: RHB Dominic Hodgkins 0-0: Ball
1-0: Ball
2-0: Called Strike
2-1: Ball
3-1: Called Strike
3-2: Foul Ball, location: 25F
3-2: Fly out, F9 (Flyball, 89S, EV 91.9 MPH)
Bottom of the 4th over - 0 runs, 1 hit, 0 errors, 1 left on base; Cincinnati 1 - Cleveland 1
TOP OF THE 5TH
Cincinnati Reds batting - Pitching for Cleveland Indians : RHP Dusty Sloan
Batting: RHB José Maria Andres 0-0: Foul Ball, location: 2F
0-1: Foul Ball, location: 2F
0-2: Strikes out swinging
Batting: RHB Junior Powell 0-0: Ball
1-0: Ball
2-0: Ball
3-0: Called Strike
3-1: Foul Ball, location: 2F
3-2: Foul Ball, location: 23FF
3-2: Base on Balls
Batting: RHB Rey Rubio 0-0: Foul Ball, location: 2F
0-1: Ball
1-1: Ball
2-1: Ball
3-1: SINGLE (Line Drive, 89S, EV 96.3 MPH)
Junior Powell to second
Runner from 2nd tries for 3rd, SAFE, no throw by CF
Batting: LHB Lloyd Crosier 0-0: Called Strike
0-1: Fly out, F6 (Line Drive, 6, EV 66.9 MPH)
Batting: LHB Jude Queen 0-0: Ball
Wild Pitch!
Junior Powell scores
Rey Rubio to second
1-0: Ball
2-0: Foul Ball, location: 2F
2-1: Swinging Strike
2-2: Strikes out looking
Top of the 5th over - 1 run, 1 hit, 0 errors, 1 left on base; Cincinnati 2 - Cleveland 1
BOTTOM OF THE 5TH
Cleveland Indians batting - Pitching for Cincinnati Reds : RHP John Fegley
Batting: LHB Paquito Peña 0-0: Ball
1-0: Called Strike
1-1: Ball
2-1: Called Strike
2-2: SINGLE (Line Drive, 6D, EV 98.1 MPH)
Batting: RHB Chia-Wei Ni 0-0: Called Strike
0-1: Foul Ball, location: 9LMF
0-2: Ball
1-2: Foul Ball, location: 2F
1-2: Strikes out swinging
Batting: LHB Jonathan DeMarino 0-0: Foul Ball, location: 2F
0-1: Swinging Strike
0-2: Ball
1-2: Ball
2-2: Fly out, F5 (Popup, 5S, EV 83.8 MPH)
Batting: RHB Willard Putnam 0-0: Ball
1-0: Called Strike
1-1: 2-RUN HOME RUN (Flyball, 7LD, EV 93.8 MPH), Distance : 343 ft
Batting: RHB Antony Olguin 0-0: Called Strike
0-1: Foul Ball, location: 2F
0-2: Ground out 5-3 (Groundball, 5, EV 90.6 MPH)
Bottom of the 5th over - 2 runs, 2 hits, 0 errors, 0 left on base; Cincinnati 2 - Cleveland 3
TOP OF THE 6TH
Cincinnati Reds batting - Pitching for Cleveland Indians : RHP Dusty Sloan
Batting: SHB D.J. Boucher 0-0: Foul Ball, location: 2F
0-1: Ball
1-1: SINGLE (Line Drive, 56D, EV 109.4 MPH)
Batting: LHB Vinicius Ressureio 0-0: Foul Ball, location: 23FF
0-1: Called Strike
0-2: Strikes out looking
Batting: RHB Pierre Johnson 0-0: Swinging Strike
0-1: SINGLE (Groundball, 4MD, EV 105.6 MPH)
D.J. Boucher to second
Batting: RHB Ethan Hicks 0-0: Foul Ball, location: 2F
0-1: Called Strike
0-2: Ball
1-2: Strikes out swinging
Batting: RHB José Maria Andres 0-0: Called Strike
0-1: Swinging Strike
0-2: Strikes out looking
Top of the 6th over - 0 runs, 2 hits, 0 errors, 2 left on base; Cincinnati 2 - Cleveland 3
BOTTOM OF THE 6TH
Cleveland Indians batting - Pitching for Cincinnati Reds : RHP John Fegley
Batting: LHB Anibal Gaines 0-0: Called Strike
0-1: Called Strike
0-2: Fly out, F6 (Popup, 4M, EV 70.0 MPH)
Batting: RHB Ben Schubert 0-0: Ball
1-0: Fly out, F4 (Popup, 4M, EV 78.8 MPH)
Batting: RHB Oliver Melendez 0-0: Called Strike
0-1: Ground out 1-3 (Groundball, P, EV 73.8 MPH)
Bottom of the 6th over - 0 runs, 0 hits, 0 errors, 0 left on base; Cincinnati 2 - Cleveland 3
TOP OF THE 7TH
Cincinnati Reds batting - Pitching for Cleveland Indians : RHP Dusty Sloan
Pitching: LHP Ernest Martines
Batting: RHB Junior Powell 0-0: Ball
1-0: Ground out 5-3 (Groundball, 5S, EV 87.5 MPH)
Batting: RHB Rey Rubio 0-0: SINGLE (Flyball, 89S, EV 93.8 MPH)
Pinch Hitting: RHB Ben Howell 0-0: Ball
1-0: Ball
2-0: Ball
3-0: Swinging Strike
3-1: Foul Ball, location: 9LMF
3-2: Strikes out swinging
Batting: LHB Jude Queen 0-0: Ball
1-0: Swinging Strike
1-1: Swinging Strike
1-2: Ball
2-2: Foul Ball, location: 3FF
2-2: Strikes out looking
Top of the 7th over - 0 runs, 1 hit, 0 errors, 1 left on base; Cincinnati 2 - Cleveland 3
BOTTOM OF THE 7TH
Cleveland Indians batting - Pitching for Cincinnati Reds : RHP John Fegley
Now in CF: Ben Howell
Batting: RHB Dominic Hodgkins 0-0: Fly out, F9 (Flyball, 9, EV 90.6 MPH)
Batting: LHB Paquito Peña 0-0: Ball
1-0: Called Strike
1-1: Ball
2-1: Swinging Strike
2-2: Strikes out swinging
Batting: RHB Chia-Wei Ni 0-0: Called Strike
0-1: Called Strike
0-2: Ball
1-2: Strikes out swinging
Bottom of the 7th over - 0 runs, 0 hits, 0 errors, 0 left on base; Cincinnati 2 - Cleveland 3
TOP OF THE 8TH
Cincinnati Reds batting - Pitching for Cleveland Indians : LHP Ernest Martines
Batting: SHB D.J. Boucher 0-0: Foul Ball, location: 2F
0-1: Ball
1-1: Ball
2-1: Fly out, F8 (Flyball, 8LXD, EV 105.0 MPH)
Pinch Hitting: SHB Austin Pula 0-0: Ball
1-0: Ball
2-0: Foul Ball, location: 2F
2-1: Foul Ball, location: 9LSF
2-2: SINGLE (Groundball, 6MD, EV 96.3 MPH)
Batting: RHB Pierre Johnson 0-0: Ball
1-0: Called Strike
1-1: Grounds into double play, 6-4-3 (Groundball, 6, EV 104.4 MPH)
Top of the 8th over - 0 runs, 1 hit, 0 errors, 0 left on base; Cincinnati 2 - Cleveland 3
BOTTOM OF THE 8TH
Cleveland Indians batting - Pitching for Cincinnati Reds : RHP John Fegley
Now in RF: Austin Pula
Batting: LHB Jonathan DeMarino 0-0: Ball
1-0: Foul Ball, location: 3F
1-1: Foul Ball, location: 2F
1-2: Foul Ball, location: 2F
1-2: Fly out, F8 (Flyball, 8LM, EV 78.8 MPH)
Batting: RHB Willard Putnam 0-0: Ball
1-0: SINGLE (Line Drive, 89S, EV 94.4 MPH)
Pitching: RHP Max Rea
Batting: RHB Antony Olguin 0-0: Called Strike
0-1: Ball
1-1: Ball
2-1: Fly out, F6 (Popup, 6MS, EV 57.5 MPH)
Batting: LHB Anibal Gaines 0-0: Called Strike
0-1: Called Strike
0-2: Ball
1-2: Single, Error in OF, E8, batter to second base (Line Drive, 4D, EV 98.8 MPH)
Willard Putnam to third
Batting: RHB Ben Schubert 0-0: Foul Ball, location: 7LMF
0-1: Ball
1-1: Foul Ball, location: 2F
1-2: Foul Ball, location: 5F
1-2: Ball
2-2: Foul Ball, location: 2F
2-2: Foul Ball, location: 9LDF
2-2: Ball
3-2: Ground out 6-3 (Groundball, 6S, EV 83.1 MPH)
Bottom of the 8th over - 0 runs, 2 hits, 1 error, 2 left on base; Cincinnati 2 - Cleveland 3
TOP OF THE 9TH
Cincinnati Reds batting - Pitching for Cleveland Indians : LHP Ernest Martines
Pitching: RHP Fabian Galloway
Pinch Hitting: LHB Glen Kirkendall 0-0: Ball
1-0: Ball
2-0: Ball
3-0: Called Strike
3-1: Base on Balls
Pinch Hitting: LHB Mike Chappelle 0-0: SINGLE (Line Drive, 7LM, EV 93.8 MPH)
Glen Kirkendall to second
Batting: RHB Junior Powell 0-0: Called Strike
0-1: Ball
1-1: Called Strike
1-2: Strikes out swinging
Batting: RHB Rey Rubio 0-0: Called Strike
0-1: Ball
1-1: Foul Ball, location: 23FF
1-2: Fly out, F8 (Flyball, 8RD, EV 106.9 MPH)
Runner from 2nd tags up, SAFE at 3rd with throw by CF
Batting: RHB Ben Howell 0-0: Called Strike
0-1: Ball
1-1: Ball
2-1: Foul Ball, location: 23F
2-2: Ball
3-2: Ground out 6-3 (Groundball, 6, EV 89.4 MPH)
Top of the 9th over - 0 runs, 1 hit, 0 errors, 2 left on base; Cincinnati 2 - Cleveland 3
Wednesday, May 8th , 2024 - OOTP Baseball 24.11 Build 85